 Dungeon Crawl Stone Soup version 0.25-a0-578-gc91f01c39c (webtiles) character file.

Game seed: 10858743952048183113, levelgen mode: deterministic

64814 wullow the Blocker (level 14, -10/111 HPs)
             Began as a Demonspawn Fighter on Mar 4, 2020.
             Was a High Priest of Okawaru.
             Mangled by a large slime creature (26 damage)
             ... on level 13 of the Dungeon on Mar 6, 2020.
             The game lasted 01:19:05 (28425 turns).

wullow the Blocker (Demonspawn Fighter)            Turns: 28425, Time: 01:19:05

Health: -10/111    AC: 20    Str: 20    XL:     14   Next: 73%
Magic:  0/25       EV:  7    Int:  9    God:    Okawaru [*****.]
Gold:   1781       SH: 17    Dex: 19    Spells: 23/28 levels left

rFire    . . .     SeeInvis +   S - +2 rapier (venom)
rCold    + + +     Gourm    .   c - +0 kite shield
rNeg     . . .     Faith    .   x - +2 chain mail {rC+}
rPois    .         Spirit   +   (helmet unavailable)
rElec    .         Reflect  +   v - scarf {Spirit}
rCorr    .         Harm     .   d - +0 pair of gloves
MR       +....                  N - +1 pair of boots
Stlth    ..........             E - +3 amulet of reflection
HPRegen  0.28/turn              F - +4 ring of dexterity
MPRegen  0.19/turn              Z - ring of protection from cold

@: no status effects
A: antennae 3, icy blue scales 3, cold resistance 1, powered by death 2,
freezing cloud immunity
a: Heroism, Finesse, Renounce Religion


You were on level 13 of the Dungeon.
You worshipped Okawaru.
Okawaru was extremely pleased with you.
You were not hungry.

You visited 3 branches of the dungeon, and saw 20 of its levels.
You also visited: Ossuary.

You collected 1851 gold pieces.
You spent 70 gold pieces at shops.

Inventory:

Hand Weapons
 b - a +2 demon trident of venom
 z - a +4 rapier of venom
 K - a +2 vorpal scimitar
 S - a +2 rapier of venom (weapon)
Missiles
 m - 6 atropa-tipped darts
 n - 8 curare-tipped darts
 p - 70 poisoned darts (quivered)
 q - 482 stones
Armour
 c - a +0 kite shield (worn)
 d - a +0 pair of gloves (worn)
 v - a scarf of spirit shield (worn)
 x - a +2 chain mail of cold resistance (worn)
 N - a +1 pair of boots (worn)
 O - a +2 chain mail of fire resistance
 T - a +2 ring mail of poison resistance
 W - a +1 cloak of invisibility
 X - a +0 cloak
Jewellery
 D - an uncursed amulet of guardian spirit
 E - a +3 amulet of reflection (around neck)
 F - a +4 ring of dexterity (left hand)
 M - an uncursed ring of ice
 Z - a ring of protection from cold (right hand)
Wands
 e - a wand of enslavement (14)
 j - a wand of disintegration (18)
 A - a wand of paralysis (34)
 B - a wand of polymorph (17)
 P - a wand of flame (35)
 U - a wand of iceblast (10)
Scrolls
 a - a scroll of blinking
 g - 5 scrolls of fog
 h - a scroll of immolation
 i - 3 scrolls of amnesia
 k - a scroll of fear
 s - 3 scrolls of enchant armour
 u - 3 scrolls of enchant weapon
 y - 4 scrolls of magic mapping
 I - 3 scrolls of teleportation
 L - a scroll of identify
 Y - 3 scrolls of remove curse
Potions
 l - 4 potions of ambrosia
 o - 3 potions of haste
 r - 2 potions of magic
 t - 4 potions of heal wounds
 w - a potion of resistance
 C - 3 potions of brilliance
 G - 7 potions of curing
 H - 2 potions of cancellation
 J - a potion of lignification
 Q - 4 potions of might
 R - 4 potions of invisibility
 V - 2 potions of stabbing
Comestibles
 f - 40 rations


   Skills:
 + Level 10.9 Fighting
 * Level 13.2 Short Blades
 + Level 6.7 Armour
 * Level 13.4 Shields
 + Level 7.7 Spellcasting
 - Level 6.0 Hexes
 - Level 2.0 Air Magic
 - Level 2.0 Poison Magic
 + Level 2.4 Invocations
 + Level 1.9 Evocations


You had 23 spell levels left.
You knew the following spells:

 Your Spells              Type           Power        Failure   Level  Hunger
a - Confusing Touch       Hex            ##......     45%         3    ###....
b - Poisonous Vapours     Pois/Air       #.....       78%         2    ##.....

Your spell library contained the following spells:

 Spells                   Type           Power        Failure   Level  Hunger
 Corona                   Hex            ##.....      17%         1    None
 Tukima's Dance           Hex            ##......     45%         3    ###....
 Ensorcelled Hibernation  Hex/Ice        #.....       65%         2    ##.....
 Dazzling Flash           Conj/Hex       #.....       86%         3    ###....
 Mephitic Cloud           Conj/Pois/Air  #.......     98%         3    ###....
 Conjure Flame            Conj/Fire      #.......     99%         3    ###....
 Gell's Gravitas          Tloc           #.........   99%         3    ###....
 Petrify                  Tmut/Erth      #.......     100%        4    ####...
 Metabolic Englaciation   Hex/Ice        #.........   100%        5    ######.
 Yara's Violent Unravell  Hex/Tmut       #.........   100%        5    ######.
 Freezing Cloud           Conj/Ice/Air   #.........   100%        6    #######
 Ring of Flames           Chrm/Fire      #.........   100%        7    #######


Dungeon Overview and Level Annotations

Branches:
Dungeon (13/15)            Temple (1/1) D:5            Lair (6/6) D:9
  Swamp (0/4) Lair:2       Spider (0/4) Lair:4        Slime (0/5) Lair:5
    Orc (0/2) D:9         Ossuary (visited)
 Vaults: D:13-14

Altars:
Ashenzari
Cheibriados
Dithmenos
Elyvilon
Fedhas
Gozag
Hepliaklqana
Kikubaaqudgha
Makhleb
Nemelex Xobeh
Okawaru
Qazlal
Ru
Sif Muna
Trog
Uskayaw
Vehumet
Wu Jian
Xom
Yredelemnul
Zin
The Shining One

Shops:
D:4 %   D:7 ?

Portals:
Trove: D:12 (show abyssal rune of Zot)


Innate Abilities, Weirdness & Mutations

You have a pair of large antennae on your head. (SInv)
You are completely covered in icy blue scales. (AC +4, rC+)
Your flesh is cold resistant. (rC+)
You regenerate health from kills.
You are immune to freezing clouds.


Message History

You hit the large slime creature.
The large slime creature is heavily wounded.
The large slime creature hits you!!
* * * LOW HITPOINT WARNING * * *
You hear a shout!
You hit the large slime creature.
The large slime creature is heavily wounded.
You hit the large slime creature.
The large slime creature is severely wounded.
You block the large slime creature's attack.
Your chain mail prevents you from hitting the large slime creature.
The large slime creature is severely wounded.
You hit the large slime creature.
The large slime creature is severely wounded.
You block the large slime creature's attack.
You hit the troll.
The troll is lightly wounded.
You block the troll's attack. The troll claws you but does no damage.
You block the troll's attack. The large slime creature hits you!!
You die...

##.########.##..##...#.....(.....
##.# ###.....<#...####.###....
##.# #........................
##.######.######....#####.##..#..
...........## #.#..#......#†....
...#####....# #)#..# ###....)<..
... #..#.## #.#.)# #.#..####..
... ##)....# #J#..# #..........
..J #...#..# #@#..# #.#..####.#
... #.###..###T#..#.#.#..# #..
... #.# #.........#.#.#..# ...
#.# #.#.####..#.#.#.## #.# #.#..#
#..#.#.### #.# #.##.###..#{#<..#
#.# ####..##..#.#.### #.#
##.##..#.#.. ## #......#.####..


You could see a large slime creature and a troll.

Vanquished Creatures
  Rupert (Lair:3)
  Snorg (Lair:4)
  Fannar (D:12)
  7 hydras
  A death knight (D:13)
  4 two-headed ogres
  Urug (Lair:4)
  Sonja (Lair:3)
  A skeletal warrior (D:12)
  An unseen horror (D:12)
  A phantasmal warrior (D:13)
  An orb spider (Lair:4)
  4 ugly things
  A cyclops (D:12)
  18 elephants
  Maurice (D:12)
  Psyche (D:9)
  3 black mambas
  26 spiny frogs
  A freezing wraith (D:13)
  3 centaur skeletons
  Maggie (D:7)
  3 rime drakes
  8 komodo dragons
  A polar bear (Lair:2)
  A queen bee (D:9)
  2 trolls
  4 tyrant leeches (Lair:6)
  Grinder (D:4)
  5 dream sheep (Lair:6)
  7 slime creatures
  15 blink frogs
  7 hippogriffs
  Sigmund (D:2)
  3 wyverns
  3 wraiths
  A human (D:9)
  30 yaks
  3 basilisks
  3 hungry ghosts
  10 vampire mosquitoes
  A warg (D:9)
  19 water moccasins
  8 porcupines
  5 orc warriors
  2 black bears (D:10)
  An ice beast (D:10)
  A sky beast (D:10)
  7 ogres
  4 centaurs
  An eye of draining (D:10)
  4 wolves
  17 crocodiles
  A big kobold (D:10)
  Blork the orc (D:5)
  26 bullfrogs
  An elf zombie (Ossuary)
  A wyvern zombie (D:11)
  2 scorpions
  25 killer bees
  6 howler monkeys
  2 electric eels
  A bullfrog zombie (D:8)
  3 crimson imps
  4 centaur zombies
  A quasit (D:7)
  11 orc priests
  5 gnoll shamans (D:4)
  6 hounds
  4 bullfrog skeletons
  11 orc wizards
  Ijyb (D:4)
  5 iguanas
  13 worker ants
  3 mummies (Ossuary)
  44 gnolls
  9 adders
  5 shadow imps
  An ooze (D:3)
  4 adder skeletons
  2 adder zombies (Ossuary)
  4 worms
  2 dart slugs
  3 leopard geckos
  43 orcs
  A ball python (D:1)
  5 giant cockroaches
  9 hobgoblins
  25 jackals
  10 kobolds
  3 quokkas
  9 bats
  5 frilled lizards
  8 goblins
  4 goblin zombies (Ossuary)
  3 hobgoblin zombies (Ossuary)
  2 kobold zombies (Ossuary)
  2 leopard gecko skeletons
  A leopard gecko zombie (D:8)
  2 quokka skeletons
  3 quokka zombies (Ossuary)
  10 rats
  3 rat zombies (Ossuary)
  A plant (Lair:6)
614 creatures vanquished.

Vanquished Creatures (others)
  Nessos (Lair:4)
  12 fungi (Lair:6)
  59 plants (Lair:6)
72 creatures vanquished.

Grand Total: 686 creatures vanquished

Notes
Turn   | Place    | Note
-------+----------+-------------------------------------------
     0 | D:1      | wullow the Demonspawn Fighter began the quest for the Orb.
     0 | D:1      | Reached XP level 1. HP: 18/18 MP: 1/1
   266 | D:1      | Gained mutation: You are partially covered in icy blue
                  | scales. (AC +2) [demonic ancestry]
   266 | D:1      | Reached XP level 2. HP: 24/24 MP: 2/2
   767 | D:1      | Gained mutation: You regenerate a little health from kills.
                  | [demonic ancestry]
   767 | D:1      | Reached XP level 3. HP: 29/29 MP: 3/3
   956 | D:2      | Found a white marble altar of Elyvilon.
  1046 | D:2      | HP: 1/29 [gnoll/+0 spear (8)]
  1488 | D:2      | Reached XP level 4. HP: 33/35 MP: 4/4
  1582 | D:2      | Noticed Sigmund
  1592 | D:2      | Killed Sigmund
  1592 | D:2      | Reached XP level 5. HP: 25/42 MP: 5/5
  1725 | D:2      | Reached XP level 6. HP: 32/48 MP: 6/6
  2310 | D:3      | Found an opulent altar of Gozag.
  3478 | D:4      | Noticed Ijyb
  3492 | D:4      | Killed Ijyb
  3492 | D:4      | Reached skill level 5 in Shields
  3492 | D:4      | Gained mutation: Your flesh is cold resistant. (rC+)
                  | [demonic ancestry]
  3492 | D:4      | Reached XP level 7. HP: 49/55 MP: 7/7
  3928 | D:4      | Found Tufaybogi's Food Shop.
  3976 | D:4      | Found a snail-covered altar of Cheibriados.
  4107 | D:4      | Noticed Grinder
  4121 | D:4      | Paralysed by Grinder for 6 turns
  4436 | D:4      | Reached skill level 5 in Short Blades
  4552 | D:4      | Killed Grinder
  4552 | D:4      | Reached skill level 5 in Fighting
  4828 | D:4      | Gained mutation: You are immune to freezing clouds.
                  | [demonic ancestry]
  4828 | D:4      | Reached XP level 8. HP: 37/62 MP: 8/8
  5697 | D:5      | Entered Level 5 of the Dungeon
  6058 | D:5      | Found a staircase to the Ecumenical Temple.
  6180 | D:5      | Noticed Blork the orc
  6203 | D:5      | Killed Blork the orc
  7023 | Temple   | Entered the Ecumenical Temple
  7055 | Temple   | Became a worshipper of Warmaster Okawaru
  7159 | D:6      | Found a burning altar of Makhleb.
  7204 | D:6      | Gained mutation: You are mostly covered in icy blue scales.
                  | (AC +3) [demonic ancestry]
  7204 | D:6      | Reached XP level 9. HP: 69/69 MP: 9/9
  8257 | D:7      | Learned a level 3 spell: Confusing Touch
  8259 | D:7      | Found a sand-covered staircase.
  8265 | Ossuary  | Entered an ossuary
  8472 | D:7      | Noticed Maggie
  8493 | D:7      | Killed Maggie
  8493 | D:7      | Reached * piety under Okawaru
  8493 | D:7      | Reached skill level 1 in Hexes
  8512 | D:7      | Reached skill level 1 in Spellcasting
  8685 | D:7      | Found Ruettapt's Magic Scroll Emporium.
  8692 | D:7      | Bought a scroll of teleportation for 42 gold pieces
  8692 | D:7      | Bought a scroll of identify for 28 gold pieces
  9635 | D:8      | Found a blossoming altar of Fedhas.
  9638 | D:8      | Found an ancient bone altar of Kikubaaqudgha.
  9641 | D:8      | Found a bloodstained altar of Trog.
  9700 | D:8      | Reached ** piety under Okawaru
  9930 | D:9      | Noticed Psyche
  9953 | D:9      | Found a hide-covered altar of Uskayaw.
  9960 | D:9      | Found a sacrificial altar of Ru.
  9960 | D:9      | Found a radiant altar of Vehumet.
  9968 | D:9      | Found a glowing golden altar of the Shining One.
  9968 | D:9      | Found a basalt altar of Yredelemnul.
  9976 | D:9      | Found a stormy altar of Qazlal.
 10100 | D:8      | Gained mutation: You are completely covered in icy blue
                  | scales. (AC +4, rC+) [demonic ancestry]
 10100 | D:8      | Reached XP level 10. HP: 37/77 MP: 13/13
 10669 | D:9      | Paralysed by Psyche for 7 turns
 10678 | D:9      | Paralysed by Psyche for 3 turns
 10682 | D:9      | Killed Psyche
 10750 | D:9      | Found a staircase to the Orcish Mines.
 10840 | D:9      | Noticed a two-headed ogre
 11037 | D:9      | Killed a two-headed ogre
 11037 | D:9      | Reached *** piety under Okawaru
 11175 | D:9      | Noticed an elephant
 11245 | D:9      | Killed an elephant
 11624 | D:9      | Found a staircase to the Lair.
 11740 | D:9      | Reached **** piety under Okawaru
 13324 | D:10     | Entered Level 10 of the Dungeon
 13447 | D:10     | Gained mutation: You have a pair of small antennae on your
                  | head. [demonic ancestry]
 13447 | D:10     | Reached XP level 11. HP: 80/85 MP: 16/16
 13713 | D:10     | Noticed a two-headed ogre
 13765 | D:10     | Killed a two-headed ogre
 14252 | D:10     | Reached ***** piety under Okawaru
 14424 | D:10     | Reached skill level 10 in Shields
 15490 | D:10     | Reached skill level 10 in Short Blades
 15490 | D:10     | Reached skill level 5 in Hexes
 15733 | D:11     | Noticed a two-headed ogre
 15756 | D:11     | Killed a two-headed ogre
 15756 | D:11     | Received a gift from Okawaru
 16461 | Lair:1   | Entered Level 1 of the Lair of Beasts
 16740 | Lair:1   | Noticed a seven-headed hydra
 16813 | D:9      | Killed a seven-headed hydra
 17683 | Lair:1   | Gained mutation: You have a pair of antennae on your head.
                  | [demonic ancestry]
 17683 | Lair:1   | Reached XP level 12. HP: 77/94 MP: 18/18
 17710 | Lair:1   | Learned a level 2 spell: Poisonous Vapours
 17907 | Lair:2   | Received a gift from Okawaru
 18020 | Lair:2   | Found a staircase to the Swamp.
 18471 | Lair:2   | Reached skill level 1 in Poison Magic
 18490 | Lair:2   | Reached skill level 1 in Air Magic
 19157 | Lair:3   | Noticed Rupert
 19209 | Lair:3   | Paralysed by Rupert for 7 turns
 19217 | Lair:3   | Killed Rupert
 19217 | Lair:3   | Reached skill level 5 in Spellcasting
 19749 | Lair:3   | Noticed Sonja
 19775 | Lair:3   | Killed Sonja
 20107 | Lair:4   | Noticed Nessos
 20136 | Lair:4   | Killed Nessos
 20169 | Lair:4   | Noticed Urug
 20460 | Lair:4   | Killed Urug
 20973 | Lair:4   | Gained mutation: You have a pair of large antennae on your
                  | head. (SInv) [demonic ancestry]
 20973 | Lair:4   | Reached XP level 13. HP: 94/101 MP: 21/21
 21019 | Lair:4   | Received a gift from Okawaru
 21272 | Lair:4   | Noticed Snorg
 21287 | Lair:4   | Killed Snorg
 21372 | Lair:4   | Found a hole to the Spider Nest.
 22092 | Lair:5   | Received a gift from Okawaru
 22093 | Lair:5   | Got a steaming short sword {god gift}
 22094 | Lair:5   | Identified the +0 short sword "Cefutt" {vorpal, rN++ Int+2}
                  | (Okawaru gifted it to you on level 5 of the Lair of Beasts)
 22480 | Lair:5   | Found a staircase to the Slime Pits.
 22861 | Lair:6   | Entered Level 6 of the Lair of Beasts
 22870 | Lair:6   | Reached skill level 5 in Armour
 22980 | Lair:6   | Got a jet-encrusted leather armour
 22981 | Lair:6   | HP: 5/103 [vampire mosquito (3)]
 22989 | Lair:6   | HP: 1/103 [rime drake/flash freeze (4)]
 23792 | Lair:6   | Reached skill level 10 in Fighting
 23830 | Lair:6   | Received a gift from Okawaru
 23830 | Lair:6   | Reached ****** piety under Okawaru
 23950 | Lair:6   | Received a gift from Okawaru
 23951 | Lair:6   | Got a spiked ring mail {god gift}
 23975 | Lair:5   | Identified the +3 leather armour "Zonogeepto" {rElec rPois
                  | MR- Regen+} (You found it on level 6 of the Lair of Beasts)
 23985 | Lair:5   | Identified the +1 ring mail of the Past {-Cast Str+6
                  | Stlth+} (Okawaru gifted it to you on level 6 of the Lair of
                  | Beasts)
 25151 | Lair:6   | Gained mutation: You regenerate health from kills. [demonic
                  | ancestry]
 25151 | Lair:6   | Reached XP level 14. HP: 105/111 MP: 19/24
 26464 | D:12     | Noticed Maurice
 26479 | D:12     | Killed Maurice
 26771 | D:12     | Received a gift from Okawaru
 26772 | D:12     | Got a slimy longbow {god gift}
 26778 | D:12     | Identified the +1 longbow of the Boar {venom, rPois rF-
                  | MR++ Stlth+} (Okawaru gifted it to you on level 12 of the
                  | Dungeon)
 26794 | D:12     | Noticed Fannar
 26841 | D:12     | Killed Fannar
 26912 | D:12     | Got a spiked chain mail
 26981 | D:12     | Identified the +1 chain mail of Truth {rCorr MP+9} (You
                  | found it on level 12 of the Dungeon)
 27187 | D:12     | Reached skill level 1 in Invocations
 27407 | D:12     | Reached skill level 1 in Evocations
 27530 | D:12     | Found a portal to a secret trove of treasure.
 28235 | D:13     | Received a gift from Okawaru
 28425 | D:13     | Mangled by a large slime creature

Levels and vault maps discovered:
D:1:      dpeg_chamrin_arrival_tetris, layout_basic, minmay_pentomino_q4
D:2:      layout_basic, elyvilon_altar_3, dk_vineyard_2, uniq_sigmund
D:3:      layout_loops_cross, grunt_gozag_statues
D:4:      lemuel_castle_with_subvaults [lemuel_castle_interior_carwin_3],
          layout_cave_pools, marbit_many_paths, serial_shops, shop_statue,
          first_ration, minmay_misc_feat_cross, uniq_grinder, uniq_ijyb
D:5:      layout_basic, minmay_temple_entry_statues_pillars, uniq_blork_the_orc
D:6:      layout_cave_pods, basic_altar
D:7:      layout_rooms, nicolae_ossuary_entry_monument, serial_shops, shop,
          uniq_maggie
D:8:      layout_loops_cross, grunt_temple_overflow_diamond
D:9:      layout_basic, grunt_temple_overflow_open, david_lair_generic,
          erik_orc_4, grunt_ogre_cave, minivault_7, uniq_psyche
D:10:     layout_layer_cave
D:11:     layout_cave_pools
D:12:     layout_roguey, nicolae_trove_entry_diagonal, minivault_5, uniq_fannar,
          uniq_maurice
D:13:     layout_basic, david_vaults_1, portal_ice_cave_entry_imps
Temple:   cyrus_temple_forest
Lair:1:   layout_misc_corridors, serial_bayou_pond_a, minivault_19,
          infiniplex_staircase_pool
Lair:2:   layout_concentric_octagons, minmay_swamp_entry_worms,
          nicolae_lair_grove_arrangements, chequers_serial_rivers_room_b,
          lemuel_fruit_tree
Lair:3:   layout_regular_city, chequers_serial_rivers_room_b,
          chequers_serial_rivers_micro_d, grunt_megastairs_5, uniq_sonja,
          uniq_rupert
Lair:4:   layout_hall_layers, nicolae_spider_entry_orb_guardian, uniq_nessos,
          uniq_urug, uniq_snorg
Lair:5:   layout_layer_cave, slime_dummy
Lair:6:   minmay_lair_end_frog_pond, layout_regular_city,
          chequers_serial_rivers_micro_e, st_stairs_9

Skill      XL: |  1  2  3  4  5  6  7  8  9 10 11 12 13 14 |
---------------+-------------------------------------------+-----
Short Blades   | 2 3 4 5 6 8 9 10 11 12 13 | 13.2
Shields        | 3 4 5 7 8 9 10 11 12 13 | 13.4
Armour         | 3 4 5 6 |  6.7
Fighting       | 4 5 6 7 8 9 10 | 10.9
Hexes          | 2 4 5 6 |  6.0
Spellcasting   | 2 3 4 5 6 7 |  7.7
Poison Magic   | 2 |  2.0
Air Magic      | 2 |  2.0
Invocations    | 2 |  2.4
Evocations     | 1 |  1.9

Action                   |  1- 3 |  4- 6 |  7- 9 | 10-12 | 13-15 || total
-------------------------+-------+-------+-------+-------+-------++-------
Melee: Rapier            |   165 |   292 |   860 |  1469 |  1586 ||  4372
Throw: Dart              |       |     1 |    11 |     2 |     3 ||    17
 Cast: Confusing Touch   |       |       |       |     3 |     3 ||     6
Invok: Heroism           |       |       |       |     4 |    10 ||    14
       Finesse           |       |       |       |     1 |     2 ||     3
  Use: Potion            |       |     2 |     3 |     5 |     1 ||    11
       Scroll            |       |     9 |     6 |     9 |     8 ||    32
 Stab: Confused          |       |       |       |     1 |     5 ||     6
       Distracted        |       |       |       |       |     1 ||     1
  Eat: Chunk             |     2 |     7 |    18 |    26 |    18 ||    71
       Ration            |       |       |     2 |     4 |     3 ||     9
Armor: Scale mail        |    74 |    52 |       |       |       ||   126
       Ring mail         |       |    49 |    22 |    86 |   266 ||   423
       Chain mail        |       |       |   305 |   430 |    71 ||   806
Dodge: Dodged            |    74 |   117 |   197 |   338 |   283 ||  1009
Block: Kite shield       |    69 |   138 |   393 |   806 |   918 ||  2324
       Reflection        |       |       |       |    10 |     3 ||    13

Table legend:
 A = Non-vault XP
 B = Vault XP
 C = Vault XP percentage of total XP
 D = Non-vault monster count
 E = Vault monster count
 F = Vault count percentage of total count
                 A         B        C        D         E       F
            +---------+---------+-------+---------+---------+-------
      Total |   64833 |   27759 |  30.0 |     434 |     180 |  29.3
            +---------+---------+-------+---------+---------+-------
        D:1 |      38 |       3 |   7.3 |      24 |       2 |   7.7
        D:2 |     162 |     231 |  58.8 |      25 |       1 |   3.8
        D:3 |     105 |      28 |  21.1 |      31 |       2 |   6.1
        D:4 |     233 |    1090 |  82.4 |      15 |      53 |  77.9
        D:5 |     734 |      94 |  11.4 |      21 |       1 |   4.5
        D:6 |     539 |       0 |   0.0 |      13 |       0 |   0.0
        D:7 |     746 |     370 |  33.2 |      18 |       1 |   5.3
        D:8 |     910 |     164 |  15.3 |      18 |       2 |  10.0
        D:9 |    3753 |    3491 |  48.2 |      31 |      37 |  54.4
       D:10 |    4450 |       0 |   0.0 |      33 |       0 |   0.0
       D:11 |    2595 |       0 |   0.0 |      24 |       0 |   0.0
       D:12 |   10532 |    1425 |  11.9 |      40 |       2 |   4.8
       D:13 |    5511 |       0 |   0.0 |      18 |       0 |   0.0
     Lair:1 |    2617 |       0 |   0.0 |      15 |       0 |   0.0
     Lair:2 |    3583 |       0 |   0.0 |      15 |       0 |   0.0
     Lair:3 |    1640 |    3595 |  68.7 |      11 |       2 |  15.4
     Lair:4 |    6886 |    3785 |  35.5 |      23 |       4 |  14.8
     Lair:5 |    6270 |     518 |   7.6 |      15 |       2 |  11.8
     Lair:6 |   13529 |   12796 |  48.6 |      44 |      50 |  53.2
    Ossuary |       0 |     169 | 100.0 |       0 |      21 | 100.0
            +---------+---------+-------+---------+---------+-------
